 Dungeon Crawl Stone Soup version 0.29.1-4-g47bece8355 (webtiles) character file.

Game seed: 12110293450709221293

653 LustLizard the Changer (level 7, -4/43 HPs)
             Began as an Octopode Transmuter on Dec 6, 2022.
             Was an Initiate of Gozag.
             Slain by an ice beast (6 damage)
             ... on level 5 of the Dungeon.
             The game lasted 00:13:34 (5789 turns).

LustLizard the Changer (Octopode Transmuter)        Turns: 5789, Time: 00:13:36

Health: -4/43      AC:  1    Str:  9    XL:     7   Next: 54%
Magic:  12/12      EV: 13    Int: 17    God:    Gozag
Gold:   281        SH:  0    Dex: 13    Spells: 6/13 levels left

rFire   . . .      SeeInvis .     - Unarmed
rCold   . . .      Faith    .   (no shield)
rNeg    . . .      Spirit   .   (helmet currently unavailable)
rPois   .          Reflect  .   (no amulet)
rElec   .          Harm     .   (no ring)
rCorr   .          Rampage  .   (no ring)
Will    .....                   (no ring)
Stlth   ++........              (no ring)
HPRegen 0.14/turn               (no ring)
MPRegen 0.13/turn               (no ring)
                                (no ring)
                                (no ring)

@: appendages (expiring)
A: tentacle spike 3, almost no armour, amphibious, 8 rings, camouflage 1,
gelatinous body 1, (nimble swimmer 1), tentacles
a: End Transformation, Renounce Religion, Potion Petition, Call Merchant, Bribe
Branch


You were on level 5 of the Dungeon.
You worshipped Gozag.
Gozag was aware of your devotion.
One of your tentacles had grown a beastly spike.
You visited 2 branches of the dungeon, and saw 6 of its levels.

You collected 352 gold pieces.
You paid 71 gold pieces to Gozag.

Inventory:

Missiles
 c - 37 stones (quivered)
 p - 5 poisoned darts
Scrolls
 b - a scroll of immolation {unknown}
 d - a scroll of blinking {unknown}
 e - a scroll of enchant armour {unknown}
 g - a scroll of summoning {unknown}
 l - a scroll of amnesia {unknown}
 m - 2 scrolls of teleportation
 n - a scroll of fear {unknown}
 o - 3 scrolls of identify {unknown}
 r - a scroll of enchant weapon {unknown}
Potions
 a - a potion of lignification
 h - a potion of brilliance {unknown}
 i - 2 potions of might {unknown}
 k - a potion of degeneration {unknown}
 q - a potion of attraction {unknown}


   Skills:
 - Level 1.0 Fighting
 - Level 2.5 Throwing
 - Level 2.0 Dodging
 + Level 4.4 Unarmed Combat
 + Level 3.5 Spellcasting
 * Level 5.0 Transmutations
 * Level 3.1 Ice Magic


You had 6 spell levels left.
You knew the following spells:

 Your Spells              Type           Power      Damage    Failure   Level
a - Beastly Appendage     Tmut           40%        N/A       1%          1
b - Wereblood             Tmut           20%        N/A       3%          2
c - Ice Form              Ice/Tmut       16%        N/A       30%         4

Your spell library contained the following spells:

 Spells                   Type           Power      Damage    Failure   Level
 Passwall                 Tmut/Erth      9%         N/A       9%          2
 Ensorcelled Hibernation  Hex/Ice        16%        N/A       13%         2
 Spider Form              Tmut/Pois      11%        N/A       19%         3
 Static Discharge         Conj/Air       3%         3-4/arc   26%         2
 Swiftness                Air            3%         N/A       45%         3
 Blade Hands              Tmut           10%        N/A       50%         5
 Dispel Undead            Necr           3%         3d7       86%         4
 Sticky Flame             Conj/Fire      3%         2d3       86%         4
 Summon Lightning Spire   Summ/Air       3%         N/A       86%         4
 Irradiate                Conj/Tmut      5%         3d13      86%         5
 Dragon Form              Tmut           10%        N/A       100%        7
 Storm Form               Tmut/Air       5%         N/A       100%        7
 Maxwell's Capacitive Co  Air            1%         ∞         100%        8


Dungeon Overview and Level Annotations

Branches:
Dungeon (5/15)             Temple (1/1) D:4

Altars:
Ashenzari
Cheibriados
Dithmenos
Fedhas
Gozag
Ru
Sif Muna
Trog
Wu Jian
Zin

Annotations:
D:4 3 runed translucent doors, Chibi's ghost, amateur SpVM
D:5 exclusion: jelly


Innate Abilities, Weirdness & Mutations

One of your tentacles has grown a beastly spike.
You cannot wear most types of armour.
You are amphibious.
You can wear up to eight rings at the same time.
Your skin changes colour to match your surroundings (Stealth+).
Your rubbery body absorbs attacks. (AC +1, EV +1)
((You are camouflaged when in or above water. (Stealth+)))
You have tentacles for arms and can constrict up to eight enemies at once.


Message History

The ice beast hits you. The ice beast freezes you!
* * * LOW HITPOINT WARNING * * *
You feel much better.
The ice beast hits you but does no damage.
You tentacle-slap the ice beast.
You pierce the ice beast, but do no damage.
The ice beast is heavily wounded.
The ice beast completely misses you.
You tentacle-slap the ice beast.
You pierce the ice beast, but do no damage.
The ice beast is heavily wounded.
The ice beast hits you. The ice beast freezes you!
You barely miss the ice beast.
You pierce the ice beast.
The ice beast is severely wounded.
The ice beast hits you.
* * * LOW HITPOINT WARNING * * *
The ice beast freezes you!
* * * LOW HITPOINT WARNING * * *
You feel better. The ice beast barely misses you.
You feel better. The ice beast hits you. The ice beast freezes you!
* * * LOW HITPOINT WARNING * * *
You closely miss the ice beast.
Your tentacle spike misses the ice beast.
You squeeze the ice beast, but do no damage.
The ice beast is heavily wounded.
The ice beast hits you but does no damage.
You tentacle-slap the ice beast but do no damage.
The ice beast is heavily wounded.
The ice beast hits you.
* * * LOW HITPOINT WARNING * * *
The ice beast freezes you.
* * * LOW HITPOINT WARNING * * *
You tentacle-slap the ice beast. Your squeeze misses the ice beast.
The ice beast is severely wounded.
Your transformation is almost over.
The ice beast hits you.
* * * LOW HITPOINT WARNING * * *
The ice beast freezes you.
You die...
Your body crumbles into a pile of gold.

#.##........###
#.##........#
#.##........#####
#.##.########...# #.##.#
#...# #.##.########...#
#....Y......#...#
###..#.######Y#...######
#.......####..@.........
###.....#.......<.#####
#..#.##.#.......#####
#..#.##.#..#..........
#..#.##.#..#.#.#######
#..#.##.#..#.#...
#..#.##.#..#.##### #..#
#.#..#.. #.#..###


You could see an ice beast.

Vanquished Creatures
  A necrophage (D:4)
  A howler monkey (D:5)
  3 hounds
  A gnoll bouda (D:4)
  An orc priest (D:4)
  2 jellies
  2 iguanas
  Natasha (thrice) (D:3)
  An orc wizard (D:3)
  6 gnolls
  4 adders
  2 ufetubi (D:4)
  A worm (D:2)
  4 dart slugs
  7 orcs
  11 bats
  5 endoplasms
  4 giant cockroaches
  5 hobgoblins
  6 kobolds
  6 quokkas
  6 ball pythons
  2 frilled lizards
  8 goblins
  9 rats
101 creatures vanquished.

Notes
Turn   | Place    | Note
-------+----------+-------------------------------------------
     0 | D:1      | LustLizard the Octopode Transmuter began the quest for the
                  | Orb.
     0 | D:1      | Reached XP level 1. HP: 13/13 MP: 3/3
   217 | D:1      | Reached XP level 2. HP: 18/18 MP: 5/5
   250 | D:1      | Learned a level 2 spell: Wereblood
   387 | D:1      | Reached skill level 1 in Throwing
   911 | D:1      | Found a faded altar of an unknown god.
   919 | D:1      | Reached XP level 3. HP: 22/23 MP: 4/6
  1111 | D:2      | Reached XP level 4. HP: 28/28 MP: 4/7
  1179 | D:2      | Reached skill level 3 in Transmutations
  2004 | D:3      | Reached XP level 5. HP: 9/33 MP: 5/8
  2745 | D:3      | Noticed Natasha
  3230 | D:3      | Learned a level 4 spell: Ice Form
  3525 | D:3      | Killed Natasha
  3526 | D:3      | Reached XP level 6. HP: 24/38 MP: 7/10
  3804 | D:3      | Noticed Natasha
  3822 | D:3      | Killed Natasha
  3823 | D:3      | Reached skill level 4 in Transmutations
  3823 | D:3      | Reached skill level 1 in Ice Magic
  3827 | D:3      | Noticed Natasha
  3859 | D:3      | Killed Natasha
  4376 | D:4      | Found a staircase to the Ecumenical Temple.
  4451 | Temple   | Entered the Ecumenical Temple
  4460 | Temple   | Became a worshipper of Gozag Ym Sagoz the Greedy
  4526 | D:3      | Reached XP level 7. HP: 15/43 MP: 11/11
  4786 | D:4      | Found a runed translucent gate.
  4787 | D:4      | Found a runed translucent gate.
  4787 | D:4      | Noticed Chibi's ghost (amateur SpVM)
  4789 | D:4      | Found a runed translucent gate.
  4808 | D:4      | Found a shadowy altar of Dithmenos.
  5431 | D:5      | Entered Level 5 of the Dungeon
  5613 | D:5      | Reached skill level 5 in Transmutations
  5784 | D:5      | HP: 2/43 [ice beast (8)]
  5789 | D:5      | HP: 2/43 [ice beast (1)]
  5789 | D:5      | Slain by an ice beast

Illustrated notes

Levels and vault maps discovered:
D:1:      dpeg_arrival_snail, layout_loops_ring,
          hellmonk_ecumenical_altar_leap_of_faith, minmay_surrounded
D:2:      layout_loops_cross
D:3:      layout_basic, uniq_natasha
D:4:      layout_cave_pools, nicolae_overflow_crystal_walls,
          minmay_temple_entry_ruins, gammafunk_ghost_nasty_kobolds
D:5:      layout_basic, bloody_makhleb, uniq_crazy_yiuf_cottage, uniq_eustachio,
          uniq_prince_ribbit1
Temple:   nicolae_temple_x_marks_the_god

Skill      XL: |  1  2  3  4  5  6  7 |
---------------+----------------------+-----
Throwing       | 1 2 |  2.5
Transmutations | 3 4 5 |  5.0
Spellcasting   | 3 |  3.5
Ice Magic      | 2 3 |  3.1
Unarmed Combat | 4 |  4.4
Fighting       | |  1.0
Dodging        | |  2.0

Action                   |  1- 3 |  4- 6 |  7- 9 || total
-------------------------+-------+-------+-------++-------
Melee: Unarmed           |    55 |   145 |    53 ||   253
       Constrict         |    15 |    39 |    12 ||    66
       Kick              |    19 |    52 |    24 ||    95
       Tentacles         |    10 |    32 |    12 ||    54
       Punch             |     1 |     4 |       ||     5
Throw: Stone             |       |     9 |     8 ||    17
       Dart              |       |     4 |       ||     4
 Cast: Beastly Appendage |    15 |    29 |    10 ||    54
       Wereblood         |     1 |     8 |     3 ||    12
  Use: Potion            |       |     5 |     4 ||     9
       Scroll            |       |     1 |       ||     1
 Stab: Sleeping          |     5 |     2 |     1 ||     8
Armor: Skin              |     7 |    11 |     5 ||    23
Dodge: Dodged            |    44 |   115 |    25 ||   184
